 Dungeon Crawl Stone Soup version 0.31-a0-167-g1c394c0614 (webtiles) character file.

Game seed: 15526499038497367390

826 qw the Chopper (level 7, -2/44 HPs)
             Began as a Gargoyle Fighter on June 14, 2023.
             Was a Follower of Okawaru.
             Slain by a wight
             ... wielding a +0 great sword
              (15 damage)
             ... on level 6 of the Dungeon.
             The game lasted 00:01:55 (4168 turns).

qw the Chopper (Gargoyle Fighter)                   Turns: 4168, Time: 00:01:56

Health: -2/44      AC: 22    Str: 19    XL:     7   Next: 96%
Magic:  7/9        EV:  9    Int:  7    God:    Okawaru [*.....]
Gold:   235        SH:  6    Dex: 17    Spells: 6/6 levels left

rFire   + . .        a - +9 war axe "Homea" {speed, Stlth+}
rCold   . . .        c - +0 buckler
rNeg    + + .        j - +0 plate armour
rPois   inf          e - +1 helmet
rElec   +            k - +0 cloak
rCorr   .            (no gloves)
SInv    .            (no boots)
Will    .....        (no amulet) Stlth
                     h - ring of Moodiness {rPois rF+ rN+ Dex+4 Stlth-}
HPRegen 0.27/turn    (no ring)
MPRegen 0.11/turn

%: no passive effects
@: heroic
A: sickness immunity, AC +4, negative energy resistance 1, electricity
resistance, torment resistance 1, petrification resistance, agile 1, weak 1
a: Renounce Religion, Heroism


You were on level 6 of the Dungeon.
You worshipped Okawaru.
Okawaru was aware of your devotion.
You visited 2 branches of the dungeon, and saw 7 of its levels.

You collected 235 gold pieces.


Innate Abilities, Weirdness & Mutations

You are immune to sickness and miasma.
Your stone body is resilient. (AC +4)
You are immune to poison.
You resist negative energy. (rN+)
You are resistant to electric shocks. (rElec)
You are resistant to unholy torment.
You are immune to petrification.
You are agile. (Dex +4, Str/Int -1)
You are weak. (Str -2)


   Skills:
 - Level 4.5(9.5) Fighting
 + Level 6.0(11.0) Axes
 - Level 4.0(9.0) Armour
 - Level 2.1(7.1) Dodging
 - Level 3.2(8.2) Shields
 + Level 3.4 Invocations


You had 6 spell levels left.
You didn't know any spells.
Your spell library was empty.

Inventory:

Hand Weapons
 a - the +9 war axe "Homea" (weapon) {speed, Stlth+}
   (You acquired it on level 2 of the Dungeon)

   Stlth:     It makes you more stealthy.
 m - a +0 war axe
 p - a +0 flail
Missiles
 s - 3 boomerangs (quivered)
Armour
 c - a +0 buckler (worn)
 e - a +1 helmet (worn)
 j - a +0 plate armour (worn)
 k - a +0 cloak (worn)
Jewellery
 h - the ring of Moodiness (left hand) {rPois rF+ rN+ Dex+4 Stlth-}
   (You acquired it on level 2 of the Dungeon)

   [ring of positive energy]

   Dex:       It affects your dexterity (+4).
   rF:        It protects you from fire.
   rPois:     It protects you from poison.
   rN:        It protects you from negative energy.
   Stlth:     It makes you less stealthy.
Scrolls
 l - a scroll of identify
 r - a scroll of enchant weapon
Potions
 b - a potion of heal wounds
 d - a potion of might
 f - a potion of haste
 g - a potion of lignification {unknown}
 i - a potion of attraction
 n - a potion of curing
 o - 2 potions of mutation
 q - a potion of cancellation {unknown}

Dungeon Overview and Level Annotations

Branches:
Dungeon (6/15)             Temple (1/1) D:4

Altars:
Ashenzari
Cheibriados
Dithmenos
Elyvilon
Fedhas
Gozag
Hepliaklqana
Kikubaaqudgha
Makhleb
Nemelex Xobeh
Okawaru
Qazlal
Ru
Sif Muna
Trog
Uskayaw
Vehumet
Wu Jian
Xom
Yredelemnul
Zin
The Shining One


Message History

You slash the wight!
The wight is almost destroyed.
You block the wight's attack. The wight hits you with a +4 mace!
You slash the wight!
You destroy the wight!
Okawaru accepts your kill. The wight hits you but does no damage.
Your Invocations skill increases to level 3!
You slash the sky beast!
The sky beast is heavily wounded.
The sky beast closely misses you. You block the wight's attack.
You hit the sky beast.
The sky beast is heavily wounded.
The sky beast flickers out of sight!
Deactivating autopickup; reactivate with Ctrl-A.
Something hits you but does no damage. The wight hits you but does no damage.
You slash something! You hit something. Something hits you but does no damage.
The wight hits you from afar with a +0 spear.
You completely miss something. Something hits you but does no damage.
The wight barely misses you.
You slash something! Okawaru is honoured by your kill.
Reactivating autopickup.
You feel a bit more experienced.
The wight hits you from afar with a +0 spear.
Your Armour skill increases to level 4!
You barely miss the wight.
The wight hits you but does no damage. x2
You hit the wight.
The wight is moderately damaged.
You slash the wight!
The wight is almost destroyed.
The wight hits you with a +0 great sword!
The wight hits you from afar with a +0 spear.
4168 ||| INVOKING Heroism.
You gain the combat prowess of a mighty hero.
The wight hits you with a +0 great sword!
You die...

#.########.##.#.#
#.#.#....#......#?# #.
#.#.#.##.#...>..... .
#.#.#.#.........# .#
#.#.#.#..#......###.# #.
#.#.#.#..#.#........#...
#.#.#.#.............<.##
#..........#.#..........
..<.#.#..#.#..##@####.#
##..#.#..#....#8z8#
....#.#..#.#..##z..#
#...#.#..#.#...##....
......#..# #... #..<.
..#.#..... #.. #8.8#
###.#..... ... #### .# .


You could see 2 wights.

Vanquished Creatures
  2 ice beasts (D:5)
  A sky beast (D:6)
  A scorpion (D:4)
  3 wights (D:6)
  A hound (D:6)
  2 jellies (D:5)
  An orc priest (D:5)
  A sleepcap (D:6)
  An orc wizard (D:5)
  4 gnolls (D:5)
  2 adders
  A river rat (D:3)
  A worm (D:2)
  A dart slug (D:4)
  8 orcs
  5 ball pythons
  4 endoplasms
  5 giant cockroaches
  8 goblins
  9 hobgoblins
  7 kobolds
  4 quokkas
  5 bats
  5 frilled lizards
  9 rats
91 creatures vanquished.

Notes
Turn   | Place    | Note
-------+----------+-------------------------------------------
     0 | D:1      | qw the Gargoyle Fighter began the quest for the Orb.
     0 | D:1      | Reached XP level 1. HP: 14/14 MP: 1/1
     0 | D:1      | 0 ||| qw: Version: 0.2-a-29-g1fa15c8
     0 | D:1      | 0 ||| qw: Game counter: 4906
     0 | D:1      | 0 ||| qw: Always use a shield: true
     0 | D:1      | 0 ||| qw: God list: Okawaru
     0 | D:1      | 0 ||| qw: Allow faded altars: false
     0 | D:1      | 0 ||| qw: Do Orc after D:15 true
     0 | D:1      | 0 ||| qw: Do second Lair branch before Depths: true
     0 | D:1      | 0 ||| qw: Lair rune preference: random
     0 | D:1      | 0 ||| qw: Plans: Normal, Zot:1-4, Slime:5, God:TSO, Crypt,
                  | Tomb, Abyss, Pan, Hells, Win
     0 | D:1      | 0 ||| PLANNING D:1-11
    72 | D:1      | Reached skill level 2 in Axes
   152 | D:1      | Reached XP level 2. HP: 19/19 MP: 2/2
   218 | D:1      | 218 ||| Stepping ~*~*~tactically~*~*~ (stealth).
   455 | D:1      | Reached skill level 3 in Axes
   569 | D:1      | Reached XP level 3. HP: 19/23 MP: 3/3
  1212 | D:1      | 1212 ||| UPGRADING to +0 helmet.
  1217 | D:1      | 1217 ||| DROPPING +3 leather armour.
  1218 | D:1      | 1218 ||| DROPPING +1 leather armour of poison resistance.
  1219 | D:1      | 1219 ||| READING scroll labelled POACOH OCLUG.
  1220 | D:1      | 1220 ||| READING scroll labelled TITSED HUACROQ.
  1221 | D:1      | 1221 ||| DRINKING 2 murky amethyst potions.
  1391 | D:2      | 1391 ||| Stepping ~*~*~tactically~*~*~ (hiding).
  1393 | D:2      | 1393 ||| Stepping ~*~*~tactically~*~*~ (hiding).
  1776 | D:2      | 1776 ||| DROPPING +0 club.
  1785 | D:2      | 1785 ||| UPGRADING to +0 cloak.
  1790 | D:2      | 1790 ||| DROPPING ring of flight.
  1791 | D:2      | 1791 ||| DROPPING ring of wizardry.
  1792 | D:2      | 1792 ||| READING 2 scrolls labelled CAOWUCVEISH.
  1793 | D:2      | 1793 ||| READING scroll of enchant armour.
  1793 | D:2      | 1793 ||| ENCHANTING +0 helmet.
  1794 | D:2      | 1794 ||| READING 2 scrolls labelled IPNIFY ISEPNIL.
  1795 | D:2      | 1795 ||| READING 2 scrolls labelled RUNTU XERYCANY.
  1795 | D:2      | Identified 2 scrolls of acquirement
  1795 | D:2      | 1795 ||| ACQUIRING ring of Moodiness {rPois rF+ rN+ Dex+4
                  | Stlth-}
  1795 | D:2      | Acquired the ring of Moodiness {rPois rF+ rN+ Dex+4 Stlth-}
  1796 | D:2      | 1796 ||| READING scroll of acquirement.
  1796 | D:2      | 1796 ||| ACQUIRING +9 war axe "Homea" {speed, Stlth+}
  1796 | D:2      | Acquired the +9 war axe "Homea" {speed, Stlth+}
  1798 | D:2      | 1798 ||| UPGRADING to +9 war axe "Homea" {speed, Stlth+}.
  1799 | D:2      | 1799 ||| UPGRADING to ring of Moodiness {rPois rF+ rN+
                  | Dex+4 Stlth-}.
  1800 | D:2      | 1800 ||| READING scroll labelled TYDDIE NOSORYS.
  1801 | D:2      | 1801 ||| READING scroll labelled XATSI PIRATEU.
  1802 | D:2      | 1802 ||| DROPPING scroll of vulnerability.
  1826 | D:3      | 1826 ||| PLANNING SEWER
  1843 | D:3      | Found a shadowy altar of Dithmenos.
  1883 | D:3      | Found a faded altar of an unknown god.
  1942 | D:3      | 1942 ||| Stepping ~*~*~tactically~*~*~ (stealth).
  2209 | D:3      | Reached XP level 4. HP: 28/28 MP: 4/4
  2299 | D:3      | Reached skill level 4 in Axes
  2397 | D:3      | Found an ornate altar of the Wu Jian Council.
  2429 | D:3      | 2429 ||| RIP SEWER
  2530 | D:3      | 2530 ||| PLANNING D:1-11
  2530 | D:3      | 2530 ||| UPGRADING to +0 plate armour.
  2540 | D:3      | 2540 ||| DROPPING +0 scale mail.
  2541 | D:3      | 2541 ||| READING 3 scrolls labelled ZED XAPAUMUT.
  2542 | D:3      | 2542 ||| READING scroll labelled ARU DEUHADE.
  2543 | D:3      | 2543 ||| READING scroll labelled HOUTWE BIUGETEX.
  2544 | D:3      | 2544 ||| DRINKING 2 red potions.
  2545 | D:3      | 2545 ||| DRINKING 2 smoky inky potions.
  2545 | D:3      | Gained mutation: You are weak. (Str -2) [potion of
                  | mutation]
  2545 | D:3      | Gained mutation: You are agile. (Dex +4, Str/Int -1)
                  | [potion of mutation]
  2602 | D:4      | Found a blossoming altar of Fedhas.
  2692 | D:4      | Noticed a scorpion
  2702 | D:4      | Killed a scorpion
  2703 | D:4      | Reached XP level 5. HP: 19/32 MP: 5/5
  2765 | D:4      | Found a staircase to the Ecumenical Temple.
  2766 | D:4      | 2766 ||| PLANNING TEMPLE
  2766 | D:4      | 2766 ||| DRINKING 2 black potions.
  2767 | D:4      | 2767 ||| READING 3 scrolls of identify.
  2767 | D:4      | 2767 ||| IDENTIFYING emerald potion
  2768 | D:4      | 2768 ||| READING 2 scrolls of identify.
  2768 | D:4      | 2768 ||| IDENTIFYING clear potion
  2769 | D:4      | 2769 ||| DROPPING potion of enlightenment.
  2770 | D:4      | 2770 ||| DROPPING potion of invisibility.
  2778 | Temple   | Entered the Ecumenical Temple
  2779 | Temple   | 2779 ||| PLANNING OKAWARU WORSHIP
  2898 | Temple   | Became a worshipper of Warmaster Okawaru
  2899 | Temple   | 2899 ||| PLANNING D:1-11
  2914 | D:4      | 2914 ||| Stepping ~*~*~tactically~*~*~ (hiding).
  2920 | D:4      | 2920 ||| Stepping ~*~*~tactically~*~*~ (hiding).
  2934 | D:4      | 2934 ||| Stepping ~*~*~tactically~*~*~ (stealth).
  2940 | D:4      | 2940 ||| Stepping ~*~*~tactically~*~*~ (stealth).
  3172 | D:4      | 3172 ||| READING scroll labelled NOW AKLUGEVVOJ.
  3182 | D:5      | Entered Level 5 of the Dungeon
  3332 | D:5      | Reached XP level 6. HP: 37/37 MP: 6/6
  3457 | D:5      | 3457 ||| Stepping ~*~*~tactically~*~*~ (stealth).
  3459 | D:5      | 3459 ||| Stepping ~*~*~tactically~*~*~ (hiding).
  3465 | D:5      | Reached skill level 5 in Axes
  3549 | D:5      | Noticed an ice beast
  3558 | D:5      | Killed an ice beast
  3562 | D:5      | 3562 ||| Stepping ~*~*~tactically~*~*~ (hiding).
  3566 | D:5      | Reached * piety under Okawaru
  3696 | D:5      | Found a broken altar of Ashenzari.
  3901 | D:5      | 3901 ||| Stepping ~*~*~tactically~*~*~ (stealth).
  3903 | D:5      | 3903 ||| INVOKING Heroism.
  3909 | D:5      | Reached XP level 7. HP: 44/44 MP: 4/7
  4076 | D:5      | 4076 ||| READING scroll labelled ZYTHYPL DOSHRI.
  4080 | D:5      | 4080 ||| DRINKING 2 bubbling green potions.
  4104 | D:6      | 4104 ||| STAIRDANCE
  4107 | D:5      | Reached skill level 1 in Invocations
  4156 | D:6      | Reached skill level 6 in Axes
  4159 | D:6      | Reached skill level 3 in Invocations
  4164 | D:6      | Reached ** piety under Okawaru
  4168 | D:6      | 4168 ||| INVOKING Heroism.
  4168 | D:6      | Slain by a wight

Levels and vault maps discovered:
D:1:      dpeg_arrival_three_same_balls, layout_basic
D:2:      layout_basic
D:3:      layout_basic, mainiacjoe_overflow_alcove_4,
          grunt_dithmenos_smoke_and_mirrors, dreamdust_ecumenical_altar_statues,
          gup_sewer_entry_bowl
D:4:      layout_rooms, fedhas_ov_isle_minmay, minmay_temple_entry_junction
D:5:      layout_basic, kennysheep_mini
D:6:      layout_basic, grunt_ministairs_8, hex_medium,
          hangedman_decor_opposing, nicolae_shop_gadgets
Temple:   nicolae_temple_two_arcs

Skill      XL: |  1  2  3  4  5  6  7 |
---------------+----------------------+-----
Axes           | 2 3 4 5 6 |  6.0
Dodging        | 2 |  2.1
Fighting       | 4 |  4.5
Invocations    | 3 |  3.4
Armour         | 4 |  4.0
Shields        | |  3.2

Action                     |  1- 3 |  4- 6 |  7- 9 || total
---------------------------+-------+-------+-------++-------
  Melee: War axe           |   117 |    65 |    26 ||   208
  Throw: Boomerang         |    44 |    17 |     1 ||    62
 Invoke: Heroism           |       |     1 |     1 ||     2
    Use: Scroll            |     9 |     6 |     1 ||    16
         Potion            |     1 |     3 |     1 ||     5
 Armour: Scale mail        |    51 |     1 |       ||    52
         Plate armour      |       |    18 |    17 ||    35
  Dodge: Dodged            |    43 |     7 |     4 ||    54
  Block: Buckler           |    17 |     7 |     7 ||    31

Table legend:
 A = Non-vault XP
 B = Vault XP
 C = Vault XP percentage of total XP
 D = Non-vault monster count
 E = Vault monster count
 F = Vault count percentage of total count
                 A         B        C        D         E       F
            +---------+---------+-------+---------+---------+-------
      Total |     992 |     188 |  15.9 |      85 |       6 |   6.6
            +---------+---------+-------+---------+---------+-------
        D:1 |      39 |       0 |   0.0 |      27 |       0 |   0.0
        D:2 |      20 |       0 |   0.0 |       9 |       0 |   0.0
        D:3 |      25 |      18 |  41.9 |      15 |       4 |  21.1
        D:4 |     126 |       0 |   0.0 |      14 |       0 |   0.0
        D:5 |     518 |       0 |   0.0 |      16 |       0 |   0.0
        D:6 |     264 |     170 |  39.2 |       4 |       2 |  33.3
            +---------+---------+-------+---------+---------+-------
